 Dungeon Crawl Stone Soup version 0.29-a0-586-g53e7fda (webtiles) character file.

Game seed: 12569194068544365079

1351 Illumine the Ruffian (level 8, -1/79 HPs)
             Began as a Troll Cinder Acolyte on June 15, 2022.
             Was a High Priest of Ignis.
             Slain by an eight-headed hydra (6 damage)
             ... on level 6 of the Dungeon.
             The game lasted 00:06:14 (3363 turns).

Illumine the Ruffian (Troll Cinder Acolyte)         Turns: 3363, Time: 00:06:14

Health: -1/79      AC:  4    Str: 25    XL:     8   Next: 36%
Magic:  8/8        EV:  9    Int: 10    God:    Ignis [*****.]
Gold:   229        SH:  0    Dex:  5    Spells: 9/9 levels left

rFire   + + .      SeeInvis .     - Unarmed
rCold   + . .      Faith    .   (no shield)
rNeg    . . .      Spirit   .   b - +0 robe
rPois   .          Reflect  .   (helmet restricted)
rElec   .          Harm     .   g - scarf {rC+ rF+}
rCorr   .          Rampage  .   (gloves unavailable)
Will    .....                   (boots unavailable)
Stlth   +.........              (no amulet)
HPRegen 1.03/turn               (no ring)
MPRegen 0.11/turn               (no ring)

@: no status effects
A: large, unfitting armour, claws 3, regeneration 1, shaggy fur 1, tough skin 1
a: Renounce Religion, Fiery Armour, Foxfire Swarm, Rising Flame


You were on level 6 of the Dungeon.
You worshipped Ignis.
Ignis was extremely pleased with you.
You visited 1 branch of the dungeon, and saw 7 of its levels.

You collected 229 gold pieces.

Inventory:

Hand Weapons
 a - a -1 falchion of flaming
Missiles
 d - 5 poisoned darts (quivered)
 m - 193 stones
Armour
 b - a +0 robe (worn)
 g - a scarf of resistance (worn)
Jewellery
 h - a ring of ice
Wands
 e - a wand of flame (19)
 t - a wand of charming (14)
Scrolls
 f - a scroll of magic mapping
 j - a scroll of teleportation {unknown}
 k - a scroll of silence {unknown}
 l - a scroll of vulnerability {unknown}
 r - a scroll of poison {unknown}
 s - a scroll of torment {unknown}
 v - a scroll of fog {unknown}
Potions
 c - 6 potions of curing
 i - 2 potions of flight
 n - a potion of mutation {unknown}
 o - 4 potions of heal wounds
 p - 4 potions of lignification
 q - a potion of attraction {unknown}
 w - a potion of ambrosia {unknown}
 x - 2 potions of brilliance {unknown}
 z - a potion of haste {unknown}


   Skills:
 + Level 4.8 Fighting
 - Level 2.4 Long Blades
 + Level 1.0 Throwing
 + Level 3.5 Dodging
 * Level 6.7 Unarmed Combat
 - Level 1.0 Spellcasting
 - Level 2.1 Fire Magic
 - Level 2.0 Evocations


You had 9 spell levels left.
You didn't know any spells.
Your spell library contained the following spells:

 Spells                   Type           Power      Damage    Failure   Level
 Scorch                   Fire           8%         2d5       22%         2
 Apportation              Tloc           0%         N/A       34%         1
 Necrotize                Necr           0%         1d4       34%         1
 Shock                    Conj/Air       0%         1d3       34%         1
 Sting                    Tmut/Pois      0%         1d3       34%         1
 Summon Small Mammal      Summ           0%         N/A       34%         1
 Ensorcelled Hibernation  Hex/Ice        0%         N/A       45%         2
 Passwall                 Tmut/Erth      0%         N/A       45%         2
 Poisonous Vapours        Pois/Air       0%         N/A       45%         2
 Gell's Gravitas          Tloc           0%         N/A       71%         3
 Swiftness                Air            0%         N/A       71%         3
 Tukima's Dance           Hex            0%         N/A       71%         3
 Airstrike                Air            0%         N/A       98%         4
 Animate Armour           Summ/Erth      0%         N/A       98%         4
 Olgreb's Toxic Radiance  Pois           0%         N/A       98%         4
 Passage of Golubria      Tloc           0%         N/A       98%         4
 Yara's Violent Unravell  Hex/Tmut       0%         3d3       100%        5
 Disjunction              Tloc           0%         N/A       100%        8


Dungeon Overview and Level Annotations

Branches:
Dungeon (7/15)             Temple (0/1) D:4

Altars:
Fedhas
Okawaru


Innate Abilities, Weirdness & Mutations

You are too large for most types of armour.
You have claws for hands.
Your natural rate of healing is unusually fast.
You are covered in fur. (AC +1)
You have tough skin. (AC +1)


Message History

You claw the phantom!
You destroy the phantom!
Your Throwing skill increases to level 1!
(D) Dungeon (T) Temple
Where to? (Enter - D:6 @ (x,y), ? - help)
Found a manual of Dodging.
You hear the slow hiss of an avalanche of sand very nearby.
An eight-headed hydra comes into view.
Found a stone staircase leading up.
The eight-headed hydra roars!
Okay, then.
Okay, then.
Throw: 2 throwing nets
Press: ? - help, Q - select action, (/) - cycle Shift-Dir - straight line, f - eight-headed hydra
Aim: an eight-headed hydra (74% to hit, immune to nets)
You throw a throwing net.
The throwing net barely misses the eight-headed hydra.
The eight-headed hydra barely misses you.
The eight-headed hydra completely misses you.
The eight-headed hydra bites you! x2
The eight-headed hydra barely misses you.
The eight-headed hydra bites you!
* * * LOW HITPOINT WARNING * * *
The eight-headed hydra closely misses you.
The eight-headed hydra bites you but does no damage.
A wight comes into view. It is wielding a +5 flail.
Throw: throwing net
Press: ? - help, Q - select action, (/) - cycle Shift-Dir - straight line, f/p - eight-headed hydra
Aim: an eight-headed hydra (74% to hit, immune to nets)
You throw a throwing net.
The throwing net hits the eight-headed hydra.
The eight-headed hydra is too large for the net to hold!
The eight-headed hydra barely misses you.
The eight-headed hydra bites you.
* * * LOW HITPOINT WARNING * * *
The eight-headed hydra closely misses you.
The eight-headed hydra bites you!
* * * LOW HITPOINT WARNING * * *
The eight-headed hydra bites you.
You die...

**,,**,,,**,*,,,** *,*
*,,,,,,,
,,,,*,,,,,......,****,*
*,******
***,*,,,,.,.....,,,,,,* *,* *
*,,,,,,..,....,****** *,*** *
**,*,,,*#<#...## *,,,** *
*,**,**#..(...####*****,*,,***
* *,**,*
#.........,,,,,,,,,,,,,
****,**,*
#..z.D..#*******,**+**,
,,,,,,,,* *,,,*#@.# *,*,,,*,
,***,******,*,*#.## *,*,∩,*,
,>,,,,,,,,,,*,*#.# *,*,,,*,
,,,,,,,,,,,,,,*#.# *,*****,
,**,,,**,,,,,,##.# *,,,,,,,
,,,,,,,,,,,,..#:.# **,**,**
,,,,,,,,,,,>..##.# *,,,,*
,,,,,,,,,**,#.*#.# ****,*
,*,,,,**,**,..##.# *,*


You could see an eight-headed hydra and a wight.

Vanquished Creatures
  Pikel (D:5)
  2 black bears (D:4)
  2 phantoms
  A bullfrog (D:6)
  4 scorpions
  An orc priest (D:5)
  Terence (D:2)
  An iguana (D:4)
  An orc wizard (D:6)
  4 gnolls
  An adder (D:6)
  A white imp (D:5)
  5 worms
  3 dart slugs
  10 orcs
  7 endoplasms
  5 giant cockroaches
  5 goblins
  10 hobgoblins
  A jackal (D:3)
  2 quokkas
  8 ball pythons
  5 bats
  3 frilled lizards
  12 kobolds
  5 rats
101 creatures vanquished.

Notes
Turn   | Place    | Note
-------+----------+-------------------------------------------
     0 | D:1      | Illumine the Troll Cinder Acolyte began the quest for the
                  | Orb.
     0 | D:1      | Reached XP level 1. HP: 22/22 MP: 1/1
   282 | D:1      | Reached skill level 1 in Unarmed Combat
   326 | D:1      | Reached XP level 2. HP: 29/29 MP: 2/2
   812 | D:2      | Reached XP level 3. HP: 37/37 MP: 3/3
   912 | D:2      | Reached skill level 2 in Unarmed Combat
   986 | D:2      | Noticed Terence
  1002 | D:2      | Killed Terence
  1003 | D:2      | Reached XP level 4. HP: 29/45 MP: 4/4
  1057 | D:2      | Found a faded altar of an unknown god.
  1779 | D:3      | Reached skill level 1 in Dodging
  1836 | D:3      | Found an iron altar of Okawaru.
  1860 | D:3      | Reached skill level 3 in Unarmed Combat
  2097 | D:4      | Noticed a black bear
  2144 | D:4      | Killed a black bear
  2145 | D:4      | Reached XP level 5. HP: 53/53 MP: 5/5
  2270 | D:4      | Got Peah's Tome of Stones and the Traveller
  2300 | D:4      | Noticed a black bear
  2314 | D:4      | Killed a black bear
  2315 | D:4      | Reached skill level 4 in Unarmed Combat
  2315 | D:4      | Reached XP level 6. HP: 16/62 MP: 6/6
  2629 | D:4      | Found a staircase to the Ecumenical Temple.
  2944 | D:5      | Entered Level 5 of the Dungeon
  2957 | D:5      | Reached skill level 5 in Unarmed Combat
  2957 | D:5      | Reached XP level 7. HP: 67/70 MP: 7/7
  3126 | D:5      | Reached skill level 1 in Evocations
  3199 | D:5      | Found a blossoming altar of Fedhas.
  3214 | D:5      | Noticed Pikel
  3229 | D:5      | Killed Pikel
  3230 | D:5      | Reached skill level 6 in Unarmed Combat
  3230 | D:5      | Reached XP level 8. HP: 57/79 MP: 8/8
  3301 | D:5      | You fall into a shaft and drop 2 floors!
  3348 | D:6      | Reached skill level 1 in Throwing
  3361 | D:6      | Noticed an eight-headed hydra
  3363 | D:6      | Slain by an eight-headed hydra

Illustrated notes

Levels and vault maps discovered:
D:1:      minmay_arrival_semitransparent, layout_basic
D:2:      layout_basic, hellmonk_ecumenical_altar_blasted, uniq_terence
D:3:      layout_loops_ring, okawaru_trees_2, minmay_starry_boxes
D:4:      layout_basic, minmay_temple_entry_waves
D:5:      layout_basic, fedhas_altar_2, serial_shops, shop,
          nicolae_wooded_promenade, uniq_ijyb, uniq_edmund, uniq_pikel
D:6:      layout_loops_ring, enter_ossuary_2, minmay_shop_mayhem,
          minmay_manual_monolith
D:7:      layout_cave_pools, chequers_serial_rivers_large_a, uniq_menkaure

Skill      XL: |  1  2  3  4  5  6  7  8 |
---------------+-------------------------+-----
Unarmed Combat | 1 2 3 4 5 6 |  6.7
Fighting       | 3 4 |  4.8
Dodging        | 1 2 3 |  3.5
Evocations     | 1 2 |  2.0
Throwing       | 1 |  1.0
Long Blades    | |  2.4
Spellcasting   | |  1.0
Fire Magic     | |  2.1

Action                   |  1- 3 |  4- 6 |  7- 9 || total
-------------------------+-------+-------+-------++-------
Melee: Falchion          |   126 |       |       ||   126
       Unarmed           |    43 |   146 |    61 ||   250
       Punch             |     1 |     4 |     2 ||     7
Throw: Stone             |     2 |     6 |       ||     8
       Dart              |       |    10 |     4 ||    14
       Throwing net      |       |       |     2 ||     2
  Use: Potion            |     1 |       |       ||     1
       Scroll            |       |     4 |     2 ||     6
 Stab: Sleeping          |     1 |       |       ||     1
Armor: Robe              |    67 |    43 |    15 ||   125
Dodge: Dodged            |    83 |    80 |    36 ||   199

Table legend: (Time is in decaauts)
 A = Elapsed time spent in this place.
 B = Non-inter-level travel time spent in this place.
 C = Inter-level travel time spent in this place.
 D = Time resting spent in this place.
 E = Time spent auto-exploring this place.
 F = Levels seen in this place.
 G = Mean time per level.
                   A        B        C        D        E       F      G
               +--------+--------+--------+--------+--------+-----+--------+
         Total |   3371 |   3199 |    172 |    234 |   2091 |   7 |  481.6 |
       Dungeon |   3371 |   3199 |    172 |    234 |   2091 |   7 |  481.6 |
               +--------+--------+--------+--------+--------+-----+--------+

Top non-repeatable levels by time:
     D:4: 894 daAuts
     D:1: 811 daAuts
     D:3: 719 daAuts
     D:2: 592 daAuts
     D:5: 295 daAuts
     D:6: 54 daAuts
     D:7: 3 daAuts
